 Dungeon Crawl Stone Soup version 0.26.1-11-gd32895ea62 (webtiles) character file.

Game seed: 11133970575513570261

11041 Mattiprrivan the Nimble (level 11, -7/56 HPs)
             Began as a Spriggan Berserker on June 11, 2021.
             Was an Elder of Trog.
             Killed by an exploding an elephant (34 damage)
             ... exploding inner flame
             ... on level 2 of the Lair of Beasts.
             The game lasted 01:58:33 (9575 turns).

Mattiprrivan the Nimble (Spriggan Berserker)        Turns: 9575, Time: 01:58:34

Health: -7/56      AC:  6    Str: 20    XL:     11   Next: 44%
Magic:  12/12      EV: 28    Int: 12    God:    Trog [****..]
Gold:   561        SH:  8    Dex: 22    Spells: 10/10 levels left

rFire    . . .     SeeInvis +   g - +2 dagger (protect)
rCold    . . .     Faith    .   t - +0 buckler
rNeg     + . .     Spirit   .   b - +2 animal skin
rPois    .         Reflect  .   (helmet restricted)
rElec    .         Harm     .   (no cloak)
rCorr    .         Rampage  .   (gloves unavailable)
Will     ++...                  (boots unavailable)
Stlth    +++++.....             f - amulet "Restoam" {Regen+ Str+5 Dex+6}
HPRegen  0.58/turn              d - ring of willpower
MPRegen  0.13/turn              l - ring of positive energy

@: mighty, berserk cooldown, hasted and slowed, very quick
A: very small, unfitting armour, horns 1, thin metallic scales 1, see invisible,
clever 1, speed 3, wild magic 1
a: Renounce Religion, Berserk, Trog's Hand, Brothers in Arms


You were on level 2 of the Lair of Beasts.
You worshipped Trog.
Trog was greatly pleased with you.
You visited 2 branches of the dungeon, and saw 10 of its levels.
You also visited: Ossuary.

You collected 561 gold pieces.

Inventory:

Hand Weapons
 a - a +2 short sword
 g - a +2 dagger of protection (weapon)
Missiles
 c - 2 boomerangs
 e - 6 atropa-tipped darts
 j - 4 boomerangs of dispersal
 k - 27 poisoned darts (quivered)
 n - 3 throwing nets
Armour
 b - a +2 animal skin (worn)
 t - a +0 buckler (worn)
Jewellery
 d - a ring of willpower (left hand)
 f - the amulet "Restoam" (around neck) {Regen+ Str+5 Dex+6}
   (You found it on level 7 of the Dungeon)

   [amulet of regeneration]

   It affects your strength (+5).
   It affects your dexterity (+6).
   It increases your rate of regeneration.
 l - a ring of positive energy (right hand)
 q - an uncursed ring of protection from cold
 D - an uncursed ring of fire
Wands
 w - a wand of random effects (49)
 C - a wand of flame (13)
Scrolls
 p - 2 scrolls of enchant weapon
 r - a scroll of identify
 u - 2 scrolls of remove curse
 z - a scroll of fear
 A - a scroll of fog
 B - 2 scrolls of magic mapping
Potions
 h - a potion of resistance
 i - 2 potions of magic
 m - 5 potions of curing
 o - a potion of might
 s - 3 potions of flight
 v - 2 potions of haste
Miscellaneous
 x - a box of beasts


   Skills:
 * Level 5.6 Fighting
 * Level 9.4 Short Blades
 * Level 8.5 Throwing
 * Level 10.6 Dodging
 * Level 10.1 Stealth
 * Level 3.5 Shields
 * Level 2.9 Unarmed Combat
 * Level 7.3 Evocations


You had 10 spell levels left.
You didn't know any spells.
Your spell library was empty.

Dungeon Overview and Level Annotations

Branches:
Dungeon (8/15)             Temple (0/1) D:5            Lair (2/6) D:8
Ossuary (visited)
  Swamp: Lair:2-4    Shoals: Lair:2-4     Snake: Lair:2-4    Spider: Lair:2-4

Altars:
Hepliaklqana
Kikubaaqudgha
Qazlal
Ru
Vehumet
Wu Jian
Yredelemnul

Annotations:
D:7 exclusion: statue


Innate Abilities, Weirdness & Mutations

You are very small and have problems with some larger weapons.
You are too small for most types of armour.
You have supernaturally acute eyesight. (SInv)
You cover ground extremely quickly.
You have a pair of small horns on your head.
You are partially covered in thin metallic scales. (AC +2)
Your mind is acute. (Int +2)
Your spells are a little harder to cast, but a little more powerful.


Message History

The fiery explosion engulfs the bush!!
The bush is on fire!
The bush is heavily damaged.
The fiery explosion engulfs you!!
Ouch! That really hurt!
Your ogre disappears in a puff of smoke!
The elephant is engulfed in blazing flames.
Flame seeps out of the elephant.
The elephant is engulfed in blazing flames.
Flame seeps out of the elephant.
You hear a shout!
Your box of beasts has recharged.
You hear a loud, deep croak!
The elephant is engulfed in blazing flames.
Trog accepts your kill.
The elephant explodes!
The fiery explosion engulfs the elephant!!!
Trog accepts your kill. The fiery explosion engulfs you!!
Ouch! That really hurt!
You die...

#.# #..#### ##)..(...# #
#######.# #.##.P...# #
##P.##+#### #......#.# #
#.......#.######.#P....####
#.......+......'........#.#
#.....§§§#.##.##...........
#......§§#######.#......##.
#.....§§§.## #.#...######
#####YP.#§@# ####.## #
#.####.# #..# #.# #..# ##>.


YY# #.## #+# #.## P.≈ .: ≈.≈ ... ♣.♣♣ ... . . There were no monsters in sight!

Vanquished Creatures
  Harold (Lair:1)
  A two-headed ogre (D:8)
  3 oklob plants (Lair:1)
  Joseph (Lair:1)
  3 elephants (Lair:2)
  2 cane toads
  A komodo dragon (Lair:2)
  A wyvern (Lair:2)
  Prince Ribbit (D:5)
  Sigmund (D:3)
  6 yaks
  Duvessa (D:5)
  A water moccasin (Lair:1)
  3 orc warriors
  2 ice beasts
  A sky beast (D:7)
  3 black bears (D:8)
  2 necrophages (D:8)
  A centaur (D:8)
  2 ogres
  2 big kobolds (D:7)
  8 bullfrogs
  Dowan (D:5)
  6 scorpions
  5 killer bees (D:6)
  A howler monkey (D:5)
  4 jellies
  5 orc priests
  2 centaur skeletons
  A bullfrog skeleton (D:5)
  An iguana (D:7)
  5 orc wizards
  5 worker ants
  2 hound zombies
  2 hound skeletons (D:4)
  A mummy (Ossuary)
  11 gnolls
  4 adders
  3 white imps
  An ufetubus (D:8)
  2 oozes
  An adder zombie (Ossuary)
  2 adder skeletons
  4 worms
  2 leopard geckos
  29 orcs
  4 ball pythons
  3 bats
  A bat zombie (D:6)
  2 giant cockroaches
  12 goblins
  5 hobgoblins
  4 jackals
  16 kobolds
  3 quokkas
  5 frilled lizards
  A kobold zombie (Ossuary)
  8 rats
  2 rat zombies (D:6)
  A spectral orc (D:7)
  A bush (Lair:2)
215 creatures vanquished.

Vanquished Creatures (collateral kills)
  A hydra (Lair:1)
  An oklob plant (Lair:1)
  An elephant (Lair:2)
  A cane toad (Lair:1)
  2 komodo dragons (Lair:1)
  3 blink frogs (Lair:1)
  7 yaks
  2 water moccasins (Lair:1)
  An orc warrior (D:8)
  An ogre (D:8)
  A bullfrog (Lair:1)
  An elf zombie (Ossuary)
  A gnoll sergeant (D:8)
  3 wights (D:6)
  A bullfrog skeleton (D:8)
  An orc priest (D:6)
  A hound zombie (Ossuary)
  3 mummies (Ossuary)
  4 gnolls (D:8)
  2 adder zombies (Ossuary)
  A worm (D:4)
  2 orcs (D:6)
  2 gnoll zombies (Ossuary)
  3 rat zombies (Ossuary)
46 creatures vanquished.

Vanquished Creatures (others)
  A yak (Lair:2)
  An ogre (D:4)
  2 gnolls
  An orc (D:5)
  23 fungi
  41 plants
69 creatures vanquished.

Grand Total: 330 creatures vanquished

Notes
Turn   | Place    | Note
-------+----------+-------------------------------------------
     0 | D:1      | Mattiprrivan the Spriggan Berserker began the quest for the
                  | Orb.
     0 | D:1      | Reached XP level 1. HP: 11/11 MP: 2/2
   229 | D:1      | Reached XP level 2. HP: 16/16 MP: 3/3
   329 | D:1      | Reached skill level 1 in Stealth
   614 | D:2      | Reached XP level 3. HP: 19/19 MP: 4/4
   818 | D:2      | Reached skill level 5 in Dodging
   864 | D:2      | Reached skill level 1 in Throwing
  1350 | D:3      | Found a hazy altar of Hepliaklqana.
  1381 | D:3      | Reached ** piety under Trog
  1475 | D:3      | Reached XP level 4. HP: 23/23 MP: 5/5
  1977 | D:3      | Noticed Sigmund
  1992 | D:3      | Killed Sigmund
  1993 | D:3      | Reached XP level 5. HP: 28/28 MP: 6/6
  1993 | D:3      | Reached XP level 6. HP: 32/32 MP: 7/7
  2504 | D:4      | Reached *** piety under Trog
  2643 | D:4      | Reached skill level 5 in Short Blades
  3272 | D:5      | Entered Level 5 of the Dungeon
  3299 | D:5      | Noticed Prince Ribbit
  3301 | D:5      | Found a sacrificial altar of Ru.
  3326 | D:5      | Reached XP level 7. HP: 36/36 MP: 8/8
  3356 | D:5      | Noticed Duvessa
  3356 | D:5      | Noticed Dowan
  3423 | D:5      | Killed Duvessa
  3424 | D:5      | Reached skill level 1 in Evocations
  3506 | D:5      | Killed Dowan
  3692 | D:5      | Killed Prince Ribbit
  3693 | D:5      | Reached skill level 5 in Stealth
  3693 | D:5      | Reached XP level 8. HP: 42/42 MP: 9/9
  3702 | D:5      | Found a staircase to the Ecumenical Temple.
  4498 | D:5      | Found an ornate altar of the Wu Jian Council.
  4660 | D:5      | Reached **** piety under Trog
  4957 | D:6      | Reached skill level 5 in Throwing
  4969 | D:6      | Reached skill level 1 in Shields
  5301 | D:6      | Reached XP level 9. HP: 23/45 MP: 10/10
  5837 | D:6      | Found an ancient bone altar of Kikubaaqudgha.
  5995 | D:7      | Got a translucent pewter amulet
  5996 | D:7      | Identified the amulet "Restoam" {Regen+ Str+5 Dex+6} (You
                  | found it on level 7 of the Dungeon)
  6579 | D:7      | Found a radiant altar of Vehumet.
  6766 | D:7      | Found a basalt altar of Yredelemnul.
  7036 | D:8      | Found a sand-covered staircase.
  7040 | Ossuary  | Entered an ossuary
  7247 | D:8      | Gained mutation: Your spells are a little harder to cast,
                  | but a little more powerful. [potion of mutation]
  7247 | D:8      | Gained mutation: You are partially covered in thin metallic
                  | scales. (AC +2) [potion of mutation]
  7247 | D:8      | Gained mutation: You have a pair of small horns on your
                  | head. [potion of mutation]
  7247 | D:8      | Gained mutation: Your mind is acute. (Int +2) [potion of
                  | mutation]
  7320 | D:8      | Found a stormy altar of Qazlal.
  7366 | D:8      | Noticed a two-headed ogre
  7383 | D:8      | Killed a two-headed ogre
  7384 | D:8      | Reached skill level 1 in Unarmed Combat
  7384 | D:8      | Reached XP level 10. HP: 51/51 MP: 11/11
  7511 | D:8      | Reached skill level 5 in Evocations
  7634 | D:8      | Found a staircase to the Lair.
  8201 | Lair:1   | Entered Level 1 of the Lair of Beasts
  8239 | Lair:1   | Noticed a four-headed hydra
  8243 | Lair:1   | Noticed Harold
  8255 | Lair:1   | Killed a four-headed hydra
  8256 | Lair:1   | Reached skill level 5 in Fighting
  8291 | Lair:1   | Killed Harold
  8431 | Lair:1   | Noticed Joseph
  8438 | Lair:1   | Killed Joseph
  8439 | Lair:1   | Reached skill level 10 in Dodging
  8799 | Lair:1   | Noticed an oklob plant
  8804 | Lair:1   | Noticed an oklob plant
  8806 | Lair:1   | Killed an oklob plant
  8812 | Lair:1   | Killed an oklob plant
  8813 | Lair:1   | Reached XP level 11. HP: 56/56 MP: 12/12
  8819 | Lair:1   | Noticed an oklob plant
  8830 | Lair:1   | Noticed an oklob plant
  8845 | Lair:1   | Killed an oklob plant
  8850 | Lair:1   | Killed an oklob plant
  9565 | Lair:2   | Reached skill level 10 in Stealth
  9575 | Lair:2   | Killed by an exploding an elephant... exploding inner flame

Illustrated notes

Levels and vault maps discovered:
D:1:      amcnicky_arrival_blooded_trapdoor, layout_rooms, minmay_heptomino_d4
D:2:      layout_basic, minmay_distorted
D:3:      layout_basic, lemuel_doored_altar, kennysheep_nondescript,
          serial_bayou_ford_a, kennysheep_generic_room_7, uniq_sigmund
D:4:      layout_cave_pools, serial_forest, infiniplex_forest_clump_diagonal,
          infiniplex_forest_end_1, infiniplex_forest_pool,
          infiniplex_forest_lined_corner, infiniplex_forest_clump_small,
          infiniplex_forest_clump_C, infiniplex_forest_clump_tiny,
          infiniplex_forest_lined_3, infiniplex_forest_fountain
D:5:      layout_basic, nzn_wu_jian_council_hall, hangedman_ru_absence,
          minmay_temple_entry_mini_moons, kennysheep_generic_room_16,
          uniq_duvessa, uniq_prince_ribbit1
D:6:      layout_rooms, lemuel_zombie_altar_kikubaaqudgha
D:7:      minmay_klotski, layout_basic, vehumet_statue,
          yredelemnul_forgotten_temple_becter
D:8:      layout_basic, lemuel_round_altar, grunt_lair_entry_orc_guard_hut,
          nicolae_ossuary_entry_plus
Lair:1:   minmay_lair_oklob_tunnel, layout_long_grid, uniq_joseph, uniq_harold
Lair:2:   layout_roguey, swamp_mist, guppyfry_snake_entry_garden,
          grunt_megastairs_5, minmay_lair_oklob_chamber

Skill      XL: |  1  2  3  4  5  6  7  8  9 10 11 |
---------------+----------------------------------+-----
Stealth        | 1 3 4 5 6 7 9 10 | 10.1
Dodging        | 5 6 7 9 10 | 10.6
Throwing       | 1 3 4 5 6 8 |  8.5
Fighting       | 3 4 5 |  5.6
Short Blades   | 4 5 6 7 8 9 |  9.4
Evocations     | 2 3 4 6 7 |  7.3
Shields        | 1 2 3 |  3.5
Unarmed Combat | 1 2 |  2.9

Action                   |  1- 3 |  4- 6 |  7- 9 | 10-12 || total
-------------------------+-------+-------+-------+-------++-------
Melee: Short sword       |    98 |    36 |       |       ||   134
       Dagger            |       |   119 |   425 |   156 ||   700
       Headbutt          |       |       |    14 |    49 ||    63
Throw: Boomerang         |    10 |     1 |       |       ||    11
       Dart              |    45 |    10 |   102 |    32 ||   189
       Throwing net      |       |       |       |     3 ||     3
Invok: Berserk           |     1 |     7 |     8 |     5 ||    21
       Brothers in Arms  |       |       |     2 |     5 ||     7
Evoke: Wand              |       |     7 |    21 |    35 ||    63
       Box of beasts     |       |       |       |     1 ||     1
  Use: Potion            |     5 |     6 |     2 |     4 ||    17
       Scroll            |    11 |     3 |    14 |     6 ||    34
 Stab: Sleeping          |     3 |     2 |     7 |     4 ||    16
       Invisible         |       |     2 |     1 |       ||     3
       Distracted        |       |     1 |     1 |       ||     2
       Paralysed         |       |       |     3 |     3 ||     6
       Held in net/web   |       |       |       |     2 ||     2
Armor: Animal skin       |     5 |    18 |    37 |    13 ||    73
Dodge: Dodged            |    69 |    91 |   281 |   120 ||   561
Block: Other             |     5 |    32 |    31 |       ||    68
       Reflection        |     4 |       |     1 |       ||     5
       Buckler           |       |       |       |    30 ||    30
